 Dungeon Crawl Stone Soup version 0.16.2-12-gd0ad4c3 (webtiles) character file.

51 Seneschal the Insei (level 3, 0/23 HPs)
             Began as an Octopode Transmuter on Sept 23, 2015.
             Slain by an iguana (14 damage)
             ... on level 3 of the Dungeon.
             The game lasted 00:07:32 (1775 turns).

Seneschal the Insei (Octopode Transmuter)           Turns: 1775, Time: 00:07:32

Health: 0/23       AC:  1    Str:  9    XL:     3   Next: 83%
Magic:  5/6        EV: 12    Int: 16    God:
Gold:   131        SH:  0    Dex: 12    Spells: 2 memorised, 2 levels left

rFire  + . .     SeeInvis .       - Unarmed
rCold  x . .     Clarity  .     (no shield)
rNeg   . . .     SustAb   .     (helmet restricted)
rPois  .         Gourm    .     (no amulet)
rElec  .         Spirit   .     q - ring of fire
rCorr  .         Warding  .     (no ring)
rMut   .         Stasis   .     (no ring)
MR     .....                    (no ring)
Stlth  ++........               (no ring)
                                (no ring)
                                (no ring)
                                (no ring)

@: lethally poisoned (0 -> -5), appendage (expiring), very slightly
contaminated, slowed, very slow, not resistant to hostile enchantments,
unstealthy
A: almost no armour, amphibious, 8 rings, constrict 8, tentacle spike 3,
camouflage 1, gelatinous body 1
a: End Transformation


You were on level 3 of the Dungeon.
You were not hungry.
One of your tentacles had a temporary spike.
You visited 1 branch of the dungeon, and saw 3 of its levels.

You collected 131 gold pieces.

Inventory:

Missiles
 b - 12 arrows
Armour
 g - a +0 helmet
 j - a +0 cloak
Jewellery
 q - a ring of fire (left tentacle)
Scrolls
 c - 3 scrolls of teleportation {unknown}
 e - 7 scrolls of identify
 h - 2 scrolls of remove curse {unknown}
 k - 2 scrolls of enchant weapon {unknown}
 r - a scroll of noise {unknown}
Potions
 l - a potion of invisibility {unknown}
 n - a potion of might {unknown}
 p - a potion of agility {unknown}
Books
 d - a book of Changes

   Spells                             Type                      Level
   a - Beastly Appendage              Transmutation                1
   b - Sticks to Snakes               Transmutation                2
   c - Spider Form                    Transmutation/Poison         3
   d - Ice Form                       Ice/Transmutation            4
   e - Blade Hands                    Transmutation                5
 s - a book of Hinderance

   Spells                             Type                      Level
   a - Confusing Touch                Hexes                        2
   b - Confuse                        Hexes                        3
   c - Petrify                        Transmutation/Earth          4
   d - Metabolic Englaciation         Hexes/Ice                    5
   e - Gell's Gravitas                Hexes/Translocation          5
   f - Summon Mana Viper              Hexes/Summoning              5
Comestibles
 a - 2 bread rations
 f - a beef jerky
 o - 3 fruits


   Skills:
 * Level 1.6 Fighting
 + Level 2.1 Dodging
 + Level 3.4 Unarmed Combat
 * Level 2.3 Spellcasting
 * Level 2.8 Transmutations


You had 2 spell levels left.
You knew the following spells:

 Your Spells              Type           Power        Failure   Level  Hunger
a - Beastly Appendage     Trmt           ##....       10%         1    #......
b - Confuse               Hex            #.......     65%         3    ###....


Dungeon Overview and Level Annotations

Branches:
Dungeon (3/15)

Altars:


Innate Abilities, Weirdness & Mutations

You cannot wear most types of armour.
You are amphibious.
You can wear up to eight rings at the same time.
You can use your tentacles to constrict many enemies at once.
Your skin changes colour to match your surroundings (Stealth).
Your rubbery body absorbs attacks (AC +1).
One of your tentacles bears a large vicious spike.


Message History

Drink which item? (? for menu, Esc to quit)
You feel better. The iguana closely misses you.
The kobold shoots a poisoned needle.
The poisoned needle hits you!
You are poisoned.
The orc barely misses you.
The orc wizard mumbles some strange words.
The orc wizard blinks!
The iguana barely misses you.
Casting: Beastly Appendage
Confirm with . or Enter, or press ? or * to list all spells.
You miscast Beastly Appendage.
You are very lightly contaminated with residual magic.
You smell something strange.
You feel sick. The orc misses you. The iguana bites you!
The kobold shoots a poisoned needle.
The poisoned needle barely misses you.
Drink which item? (? for menu, Esc to quit)
It was a potion of heal wounds.
You feel much better.
Your transformation is almost over.
You feel sick. The orc hits you with a war axe! The iguana bites you!
Ouch! That really hurt!
You die...

#...(...# #.......#
#####.....<.#
##...........#
#..###.......#
...######.##
#.......#
#........#####.....##
#..#####...?(..##.###
#....@l.#..#
#....)o.....#
#....Ko.....#
........[.....#
..............#
###..(..$.####
#.......# .......#
..#


You could see an iguana, an orc wizard, an orc and a kobold.

Vanquished Creatures
  2 adders (D:2)
  4 giant geckos
  An orc (D:3)
  7 bats (D:2)
  A giant cockroach (D:1)
  3 goblins
  3 hobgoblins
  A ball python (D:2)
  3 giant newts
  A kobold (D:2)
  5 rats
31 creatures vanquished.

Notes
Turn   | Place    | Note
--------------------------------------------------------------
     0 | D:1      | Seneschal, the Octopode Transmuter, began the quest for the Orb.
     0 | D:1      | Reached XP level 1. HP: 13/13 MP: 3/3
   157 | D:1      | Reached XP level 2. HP: 18/18 MP: 2/4
  1057 | D:2      | Reached XP level 3. HP: 8/23 MP: 6/6
  1680 | D:2      | Learned a level 3 spell: Confuse
  1775 | D:3      | Slain by an iguana

Action                   || total
-------------------------++-------
Melee: Unarmed           ||    70
 Cast: Beastly Appendage ||    19
  Use: Potion            ||     3
       Scroll            ||     1
 Stab: Distracted        ||     1
       Sleeping          ||     3
  Eat: Chunk             ||     3
